 Dungeon Crawl Stone Soup version 0.30-a0-879-ga8ba668304 (webtiles) character file.

Game seed: 11857678798048735557

1220 Maxmaps the Skirmisher (level 8, -5/64 HPs)
             Began as a Gnoll Hunter on Mar 12, 2023.
             Was an Initiate of Cheibriados.
             Slain by an ogre
             ... wielding a +0 giant club
              (15 damage)
             ... on level 5 of the Dungeon.
             The game lasted 00:05:27 (3447 turns).

Maxmaps the Skirmisher (Gnoll Hunter)               Turns: 3447, Time: 00:05:29

Health: -5/64      AC:  5    Str: 11    XL:     8   Next: 47%
Magic:  13/13      EV: 14    Int: 13    God:    Cheibriados [......]
Gold:   388        SH:  0    Dex: 16    Spells: 13/13 levels left

rFire   . . .      SeeInvis .    a - +0 shortbow
rCold   . . .      Faith    .    (shield currently unavailable)
rNeg    . . .      Spirit   .    c - +0 leather armour
rPois   .          Reflect  .    w - +0 helmet
rElec   .          Rampage  .    (no cloak)
rCorr   +                        o - +0 pair of gloves
Will    .....                    (no boots)
Stlth   +++                      g - amulet of regeneration
HPRegen 1.10/turn                t - ring of resist corrosion
MPRegen 0.13/turn                x - ring of flight

@: flying, very slow
A: fangs 1, strong nose, distributed training
a: Renounce Religion


You were on level 5 of the Dungeon.
You worshipped Cheibriados.
Cheibriados was noncommittal.
You visited 2 branches of the dungeon, and saw 7 of its levels.

You collected 388 gold pieces.

Inventory:

Hand Weapons
 a - a +0 shortbow (weapon)
 s - a +2 dagger of venom
Missiles
 G - a throwing net
Armour
 c - a +0 leather armour (worn)
 o - a +0 pair of gloves (worn)
 w - a +0 helmet (worn)
Jewellery
 g - an amulet of regeneration (around neck)
 t - a ring of resist corrosion (left hand)
 x - a ring of flight (right hand)
 y - an amulet of magic regeneration
Wands
 C - a wand of flame (26)
 E - a wand of iceblast (18)
 F - a wand of quicksilver (8)
Scrolls
 b - a scroll of immolation
 e - 2 scrolls of noise
 j - 6 scrolls of identify
 u - a scroll of brand weapon {unknown}
 z - a scroll of blinking {unknown}
 A - a scroll of teleportation {unknown}
 D - a scroll of fear {unknown}
Potions
 d - a potion of resistance {unknown}
 f - a potion of lignification {unknown}
 i - a potion of might {unknown}
 k - 3 potions of degeneration
 m - a potion of berserk rage {unknown}
 n - 3 potions of curing {unknown}
 q - 3 potions of heal wounds {unknown}
 r - a potion of invisibility {unknown}
 v - 3 potions of attraction {unknown}
 B - a potion of haste {unknown}


   Skills:
 + Level 5.8 Fighting
 + Level 3.4 Short Blades
 + Level 3.4 Long Blades
 + Level 3.4 Axes
 + Level 3.4 Maces & Flails
 + Level 3.4 Polearms
 + Level 3.4 Staves
 + Level 9.2 Ranged Weapons
 + Level 3.4 Throwing
 + Level 3.4 Armour
 + Level 5.8 Dodging
 + Level 4.2 Stealth
 + Level 3.4 Shields
 + Level 3.4 Unarmed Combat
 + Level 3.4 Spellcasting
 + Level 2.8 Conjurations
 + Level 2.8 Hexes
 + Level 2.8 Summonings
 + Level 2.8 Necromancy
 + Level 2.8 Translocations
 + Level 2.8 Transmutations
 + Level 2.8 Fire Magic
 + Level 2.8 Ice Magic
 + Level 2.8 Air Magic
 + Level 2.8 Earth Magic
 + Level 2.8 Poison Magic
 + Level 3.8 Invocations
 + Level 3.4 Evocations


You had 13 spell levels left.
You didn't know any spells.
Your spell library contained the following spells:

 Spells                   Type           Power      Damage    Failure   Level
 Blink                    Tloc           18%        N/A       13%         2
 Lesser Beckoning         Tloc           18%        N/A       13%         2
 Momentum Strike          Conj/Tloc      18%        3d8       13%         2
 Airstrike                Air            4%         2d(1-17)  65%         4
 Summon Lightning Spire   Summ/Air       9%         N/A       65%         4
 Lightning Bolt           Conj/Air       4%         1d16      94%         5


Dungeon Overview and Level Annotations

Branches:
Dungeon (6/15)             Temple (1/1) D:5

Altars:
Cheibriados
Elyvilon
Fedhas
Hepliaklqana
Kikubaaqudgha
Okawaru
Qazlal
Sif Muna
Trog
Vehumet
Wu Jian
Xom
The Shining One


Innate Abilities, Weirdness & Mutations

You have very sharp teeth.
Your uncanny sense of smell can sniff out nearby items.
Your experience applies equally to all skills.


Message History

No target in view!
Done exploring.
No target in view!
(D) Dungeon (T) Temple
Where to? (Enter - D:5 @ (x,y), ? - help)
What level of the Dungeon? (default 1, ? - help)
There is a stone staircase leading down here.
You fly downwards.
You hear the sound of rushing water.
There is an entrance to a sewer on this level.
Hurry and find it before the portal rusts away!
The ogre shouts!
The hound barks!
You hear a shout!
Found a sapphire potion.
There is a stone staircase leading up here.
You shoot an arrow.
The arrow hits the hound but does no damage.
The hound misses you. The ufetubus misses you. x2
The ogre hits you with a +0 giant club!!
The hound barely misses you. The ufetubus closely misses you.
The ufetubus hits you but does no damage.
You fly upwards.
There is a stone staircase leading down here.
As you read the scroll labelled RALOLE XEANEI, it crumbles to dust.
It is a scroll of amnesia.
You feel forgetful for a moment. The hound misses you. The ufetubus hits you.
The ufetubus hits you but does no damage.
As you read the scroll labelled ETSIMY BAALEAR, it crumbles to dust.
You feel momentarily disoriented.
It was a scroll of magic mapping.
The hound bites you. The ufetubus barely misses you. The ufetubus hits you.
The ogre hits you with a +0 giant club!!
* * * LOW HITPOINT WARNING * * *
The hound barely misses you. The ufetubus barely misses you.
The ufetubus misses you.
As you read the scroll labelled TIODEO GIKESIG, it crumbles to dust.
Your body is wracked with pain!
* * * LOW HITPOINT WARNING * * *
The hound convulses!
The ogre convulses!
It was a scroll of torment.
The hound bites you but does no damage. The ufetubus hits you.
* * * LOW HITPOINT WARNING * * *
The ufetubus barely misses you. The ogre hits you with a +0 giant club!
You die...

.........#.........#.###...#
.........................#####
.###.....###...#.............#
........###..#####.........).#
....................#........#
###..####.#######............#
..........# ####.#.#........#
.......#######.##5..#........###
........)......#@h#.#..........#
.....)#####.###..O..##.........##
.......####.###.#..#######.#.....
#...###..........................
#.⌠.# ###.#...#..................
#...###............#######.#.....
....................# #.......
..>..⌠.#............# ###.....
....................# #.####


You could see an ogre, a hound and an ufetubus.

Vanquished Creatures
  Grinder (D:5)
  Sigmund (D:4)
  A steam dragon (D:4)
  An ogre (D:5)
  2 phantoms (D:4)
  2 scorpions (D:4)
  2 jellies (D:5)
  An iguana (D:4)
  Jessica (D:3)
  Robin (D:3)
  12 gnolls
  2 adders
  A white imp (D:5)
  2 ufetubi
  2 worms
  A dart slug (D:4)
  4 orcs (D:3)
  13 ball pythons
  8 endoplasms
  6 giant cockroaches
  13 hobgoblins
  2 jackals (D:3)
  5 kobolds
  2 quokkas
  A bat (D:3)
  10 frilled lizards
  10 goblins
  6 rats
113 creatures vanquished.

Notes
Turn   | Place    | Note
-------+----------+-------------------------------------------
     0 | D:1      | Maxmaps the Gnoll Hunter began the quest for the Orb.
     0 | D:1      | Reached XP level 1. HP: 20/20 MP: 1/1
   109 | D:1      | Reached XP level 2. HP: 26/26 MP: 2/2
   510 | D:1      | Reached XP level 3. HP: 31/31 MP: 3/3
   531 | D:1      | Found a faded altar of an unknown god.
   847 | D:2      | Reached skill level 1 in Invocations
  1035 | D:3      | Noticed Jessica
  1039 | D:3      | Killed Jessica
  1040 | D:3      | Reached skill level 1 in Short Blades
  1040 | D:3      | Reached skill level 1 in Long Blades
  1040 | D:3      | Reached skill level 1 in Axes
  1040 | D:3      | Reached skill level 1 in Maces & Flails
  1040 | D:3      | Reached skill level 1 in Polearms
  1040 | D:3      | Reached skill level 1 in Staves
  1040 | D:3      | Reached skill level 1 in Throwing
  1040 | D:3      | Reached skill level 1 in Armour
  1040 | D:3      | Reached skill level 1 in Shields
  1040 | D:3      | Reached skill level 1 in Unarmed Combat
  1040 | D:3      | Reached skill level 1 in Spellcasting
  1040 | D:3      | Reached skill level 1 in Evocations
  1040 | D:3      | Reached XP level 4. HP: 38/38 MP: 5/5
  1046 | D:3      | Reached skill level 1 in Conjurations
  1046 | D:3      | Reached skill level 1 in Hexes
  1046 | D:3      | Reached skill level 1 in Summonings
  1046 | D:3      | Reached skill level 1 in Necromancy
  1046 | D:3      | Reached skill level 1 in Translocations
  1046 | D:3      | Reached skill level 1 in Transmutations
  1046 | D:3      | Reached skill level 1 in Fire Magic
  1046 | D:3      | Reached skill level 1 in Ice Magic
  1046 | D:3      | Reached skill level 1 in Air Magic
  1046 | D:3      | Reached skill level 1 in Earth Magic
  1046 | D:3      | Reached skill level 1 in Poison Magic
  1276 | D:3      | Reached XP level 5. HP: 43/43 MP: 7/7
  1357 | D:3      | Noticed Robin
  1375 | D:3      | Killed Robin
  1880 | D:4      | Reached XP level 6. HP: 50/50 MP: 8/8
  1898 | D:4      | Reached skill level 5 in Fighting
  1898 | D:4      | Reached skill level 5 in Dodging
  1951 | D:4      | Identified the +5 whip "Xocured" {heavy, *Slow Will+
                  | Stlth+}
  2067 | D:4      | Noticed Sigmund
  2075 | D:4      | Killed Sigmund
  2076 | D:4      | Reached XP level 7. HP: 51/56 MP: 10/10
  2351 | D:5      | Entered Level 5 of the Dungeon
  2351 | D:5      | Noticed a steam dragon
  2432 | D:4      | Killed a steam dragon
  2433 | D:4      | Reached skill level 9 in Ranged Weapons
  2501 | D:5      | Reached XP level 8. HP: 63/63 MP: 12/12
  2560 | D:5      | Found a staircase to the Ecumenical Temple.
  2764 | Temple   | Entered the Ecumenical Temple
  3092 | Temple   | Became a worshipper of Cheibriados the Contemplative
  3177 | D:5      | Noticed Grinder
  3177 | D:5      | Paralysed by Grinder for 4 turns
  3195 | D:5      | Killed Grinder
  3318 | D:5      | Found a hazy altar of Hepliaklqana.
  3447 | D:5      | Slain by an ogre

Illustrated notes

Levels and vault maps discovered:
D:1:      roderic_octagonal_star, layout_loops_cross, basic_ecumenical_altar,
          minmay_pentomino_o2
D:2:      layout_rooms
D:3:      layout_basic, kennysheep_generic_room_2, uniq_robin, uniq_jessica
D:4:      layout_rooms, uniq_sigmund
D:5:      layout_rooms, worldfamousw_hep_ancestral_shrine,
          minmay_temple_entry_junction, uniq_grinder
D:6:      lemuel_ratsnest, layout_cave_pods, nemelex_diamond_rough_becter,
          portal_sewer_entry_a, grunt_ministairs_9, kennysheep_potato
Temple:   minmay_temple_forest_path

Skill      XL: |  1  2  3  4  5  6  7  8 |
---------------+-------------------------+-----
Invocations    | 1 2 3 |  3.8
Short Blades   | 1 2 3 |  3.4
Long Blades    | 1 2 3 |  3.4
Axes           | 1 2 3 |  3.4
Maces & Flails | 1 2 3 |  3.4
Polearms       | 1 2 3 |  3.4
Staves         | 1 2 3 |  3.4
Throwing       | 1 2 3 |  3.4
Armour         | 1 2 3 |  3.4
Shields        | 1 2 3 |  3.4
Unarmed Combat | 1 2 3 |  3.4
Spellcasting   | 1 2 3 |  3.4
Evocations     | 1 2 3 |  3.4
Conjurations   | 1 2 |  2.8
Hexes          | 1 2 |  2.8
Summonings     | 1 2 |  2.8
Necromancy     | 1 2 |  2.8
Translocations | 1 2 |  2.8
Transmutations | 1 2 |  2.8
Fire Magic     | 1 2 |  2.8
Ice Magic      | 1 2 |  2.8
Air Magic      | 1 2 |  2.8
Earth Magic    | 1 2 |  2.8
Poison Magic   | 1 2 |  2.8
Stealth        | 3 4 |  4.2
Fighting       | 5 |  5.8
Dodging        | 5 |  5.8
Ranged Weapons | 9 |  9.2

Action                     |  1- 3 |  4- 6 |  7- 9 || total
---------------------------+-------+-------+-------++-------
  Melee: Dagger            |       |       |    42 ||    42
         Bite              |       |       |     5 ||     5
         Punch             |       |       |     4 ||     4
   Fire: Shortbow          |    88 |   175 |    96 ||   359
    Use: Scroll            |       |       |     5 ||     5
 Armour: Leather armour    |     6 |    22 |    29 ||    57
  Dodge: Dodged            |    13 |    71 |   102 ||   186

Table legend: (Time is in decaauts)
 A = Elapsed time spent in this place.
 B = Non-inter-level travel time spent in this place.
 C = Inter-level travel time spent in this place.
 D = Time resting spent in this place.
 E = Time spent auto-exploring this place.
 F = Levels seen in this place.
 G = Mean time per level.
                   A        B        C        D        E       F      G
               +--------+--------+--------+--------+--------+-----+--------+
         Total |   3559 |   3349 |    210 |    243 |   2288 |   7 |  508.4 |
       Dungeon |   3203 |   3049 |    154 |    243 |   2001 |   6 |  533.8 |
        Temple |    356 |    300 |     56 |      0 |    287 |   1 |  356.0 |
               +--------+--------+--------+--------+--------+-----+--------+

Top non-repeatable levels by time:
     D:3: 911 daAuts
     D:4: 680 daAuts
     D:1: 670 daAuts
     D:5: 589 daAuts
  Temple: 356 daAuts
     D:2: 348 daAuts
     D:6: 2 daAuts
